 Dungeon Sprint DCSS version 0.20.1-1-g8b1a95d (webtiles) character file.

6300000 Quirk the Axe Maniac (level 24, -17/227 HPs)
             Began as a Demonspawn Warper on Sept 20, 2017.
             Was the Champion of Makhleb.
             Demolished by The Servant
             ... wielding a +9 glaive of flaming
              (110 damage)
             ... in the Dungeon (Sprint VIII: "Arena of Blood").
             The game lasted 00:02:09 (63 turns).

Quirk the Axe Maniac (Demonspawn Warper)              Turns: 63, Time: 00:02:10

Health: -17/227    AC:  6    Str: 14    XL:     24   Next: 21%
Magic:  27/54      EV: 38    Int: 15    God:    Makhleb [******]
Gold:   0          SH:  0    Dex: 28    Spells: 77/77 levels left

rFire    . . .     SeeInvis .   l - +∞ Axe of Woe
rCold    + . .     Gourm    .   (shield currently unavailable)
rNeg     + . .     Faith    .   b - +0 leather armour
rPois    .         Spirit   .   (helmet unavailable)
rElec    .         Reflect  .   (no cloak)
rCorr    .         Harm     .   (no gloves)
MR       +....     NoTele   +   (no boots)
Stlth    ++++++++++             (no amulet)
Regen    0.5/turn               (no ring)
MPRegen  0.4/turn               (no ring)

@: no status effects
A: horns 3, thin skeletal structure 3, cold resistance 1, icemail, negative
energy resistance 1, spiny 3, freezing cloud immunity
a: Minor Destruction, Lesser Servant of Makhleb, Major Destruction, Greater
Servant of Makhleb, Renounce Religion


You were in the Dungeon.
You worshipped Makhleb.
Makhleb was exalted by your worship.
You were not hungry.

You visited 1 branch

Inventory:

Hand Weapons
 a - a +0 hand axe
 l - the +∞ Axe of Woe (weapon)
   (You found it in the Dungeon)
Missiles
 e - 5 tomahawks of dispersal (quivered)
Armour
 b - a +0 leather armour (worn)
Scrolls
 d - 2 scrolls of blinking
Potions
 g - a potion of curing
 h - a potion of heal wounds
 i - a potion of haste
 j - 2 potions of magic
 k - a potion of berserk rage
Books
 c - a book of Spatial Translocations

   Spells                             Type                      Level
   a - Blink                          Translocation                2
   b - Shroud of Golubria             Charms/Translocation         2
   c - Lesser Beckoning               Translocation                3
   d - Gell's Gravitas                Translocation                3
   e - Teleport Other                 Translocation                3
   f - Passage of Golubria            Translocation                4
Comestibles
 f - a bread ration


   Skills:
 O Level 27 Fighting
 O Level 27 Axes
 O Level 27 Throwing
 O Level 27 Armour
 O Level 27 Dodging
 O Level 27 Stealth
 O Level 27 Unarmed Combat
 O Level 27 Spellcasting
   Level 2.6 Translocations
 O Level 27 Invocations


You had 77 spell levels left.
You didn't know any spells.

Dungeon Overview and Level Annotations

Branches:
Dungeon (1/1)

Altars:
Makhleb

Annotations:
D The Servant


Innate Abilities, Weirdness & Mutations

You have a pair of large horns on your head.
You have an unnaturally thin skeletal structure. (Dex +6, Stealth++)
Your flesh is cold resistant. (rC+)
A meltable icy envelope protects you from harm. (AC +0)
You resist negative energy. (rN+)
You are completely covered in sharp spines.
You are immune to freezing clouds.


Message History

You feel better.
You hear a shout! x3
The destroyer blinks!
You hear a shout! x3
An ogre and a vampire knight come into view.
The destroyer is wielding a +9 great sword of slicing.
Unknown command.
Press < or > to pray at altars.
You slash the meat berserker!
You pulverise the meat berserker into a thin bloody mist.
You kill the meat berserker!
Makhleb accepts your kill.
You have reached level 24!
Your experience leads to an increase in your attributes!
Increase (S)trength, (I)ntelligence, or (D)exterity?
You feel agile.
You feel stronger.
Your demonic ancestry asserts itself...
Sharp spines emerge from your entire body.
You hear a shout! x4
The Servant hits you from afar with a +9 glaive of flaming!!!!
You die...

...§. .. #..o
.# . #.X. ..#
..###MXX .%###.
.o.§X.###......
..Xo._..V...
#L%X..# #@M@._#
#))...#
..VM§V......
...O..###......
.o###.o. ..###.
. #... ..# #...
.# ..... ..


You could see 3 accurseds, a tyrant, The Servant, 3 destroyers, 6 large
abominations, a meat berserker (berserk) and 3 bags of meat.

Vanquished Creatures
  3 vampire knights (D)
  12 ogres (D)
  2 two-headed ogres (D)
  17 orcs (D)
  A skeletal warrior (D)
  A large abomination (D)
  3 small abominations (D)
  A crawling corpse (D)
40 creatures vanquished.

Notes
Turn   | Place    | Note
-------+----------+-------------------------------------------
     0 | D        | Quirk the Demonspawn Warper began the quest for the Orb.
     0 | D        | Reached XP level 1. HP: 16/16 MP: 3/3
     3 | D        | Noticed a bag of meat
     3 | D        | Noticed a bag of meat
     4 | D        | Became a worshipper of Makhleb the Destroyer
     6 | D        | Noticed a bag of meat
     7 | D        | Noticed a bag of meat
     8 | D        | Noticed a bag of meat
     9 | D        | Noticed a bag of meat
    10 | D        | Noticed a bag of meat
    11 | D        | Noticed a bag of meat
    11 | D        | Killed a bag of meat
    11 | D        | Gained mutation: Your flesh is cold resistant. (rC+) [demonic ancestry]
    11 | D        | Reached XP level 2. HP: 22/22 MP: 5/5
    11 | D        | Reached XP level 3. HP: 27/27 MP: 6/6
    11 | D        | Reached XP level 4. HP: 33/33 MP: 7/7
    11 | D        | Gained mutation: You have a pair of small horns on your head. [demonic ancestry]
    11 | D        | Reached XP level 5. HP: 38/38 MP: 8/8
    11 | D        | Gained mutation: You have a somewhat thin skeletal structure. (Dex +2, Stealth) [demonic ancestry]
    11 | D        | Reached XP level 6. HP: 44/44 MP: 9/9
    11 | D        | Gained mutation: You have a moderately thin skeletal structure. (Dex +4, Stealth+) [demonic ancestry]
    11 | D        | Reached XP level 7. HP: 50/50 MP: 10/10
    11 | D        | Reached XP level 8. HP: 56/56 MP: 11/11
    11 | D        | Reached XP level 9. HP: 61/61 MP: 12/12
    11 | D        | Gained mutation: You have an unnaturally thin skeletal structure. (Dex +6, Stealth++) [demonic ancestry]
    11 | D        | Reached XP level 10. HP: 67/67 MP: 13/13
    11 | D        | Reached XP level 11. HP: 72/72 MP: 14/14
    12 | D        | Noticed a bag of meat
    12 | D        | Killed a bag of meat
    12 | D        | Reached * piety under Makhleb
    12 | D        | Reached skill level 27 in Axes
    12 | D        | Reached XP level 12. HP: 83/83 MP: 15/15
    13 | D        | Noticed a meat berserker
    13 | D        | Killed a bag of meat
    13 | D        | Gained mutation: You are partially covered in sharp spines. [demonic ancestry]
    13 | D        | Reached XP level 13. HP: 108/108 MP: 16/16
    14 | D        | Noticed a bag of meat
    15 | D        | Killed a bag of meat
    15 | D        | Reached skill level 15 in Fighting
    15 | D        | Gained mutation: You have a pair of horns on your head. [demonic ancestry]
    15 | D        | Reached XP level 14. HP: 124/124 MP: 17/17
    16 | D        | Noticed a meat berserker
    16 | D        | Killed a bag of meat
    16 | D        | Reached ** piety under Makhleb
    16 | D        | Killed a bag of meat
    16 | D        | Gained mutation: You have a pair of large horns on your head. [demonic ancestry]
    16 | D        | Reached XP level 15. HP: 141/141 MP: 18/18
    18 | D        | Reached *** piety under Makhleb
    19 | D        | Killed a meat berserker
    19 | D        | Gained mutation: You are immune to freezing clouds. [demonic ancestry]
    19 | D        | Reached XP level 16. HP: 164/164 MP: 19/19
    19 | D        | Noticed a destroyer
    20 | D        | Noticed a large bag of meat
    20 | D        | Killed a meat berserker
    20 | D        | Reached skill level 27 in Fighting
    20 | D        | Reached skill level 27 in Dodging
    20 | D        | Gained mutation: You resist negative energy. (rN+) [demonic ancestry]
    20 | D        | Reached XP level 17. HP: 174/174 MP: 19/23
    23 | D        | Killed a destroyer
    23 | D        | Reached **** piety under Makhleb
    24 | D        | Killed a large bag of meat
    24 | D        | Reached XP level 18. HP: 182/182 MP: 19/35
    26 | D        | Noticed a meat berserker
    29 | D        | Noticed a meat berserker
    30 | D        | Killed a meat berserker
    30 | D        | Reached skill level 27 in Invocations
    31 | D        | Noticed a sculptor of flesh
    32 | D        | Killed a meat berserker
    32 | D        | Reached skill level 27 in Armour
    32 | D        | Gained mutation: You are mostly covered in sharp spines. [demonic ancestry]
    32 | D        | Reached XP level 19. HP: 174/189 MP: 20/36
    33 | D        | Noticed a destroyer
    34 | D        | Noticed a large bag of meat
    34 | D        | Reached ***** piety under Makhleb
    34 | D        | Reached skill level 10 in Stealth
    34 | D        | Reached skill level 10 in Spellcasting
    35 | D        | Reached skill level 15 in Spellcasting
    37 | D        | Noticed a meat berserker
    38 | D        | Noticed a destroyer
    38 | D        | Noticed a meat berserker
    39 | D        | Killed a destroyer
    39 | D        | Reached XP level 20. HP: 197/197 MP: 22/45
    40 | D        | Reached ****** piety under Makhleb
    42 | D        | Noticed The Servant
    43 | D        | Killed a meat berserker
    43 | D        | Reached skill level 27 in Stealth
    43 | D        | Reached skill level 27 in Spellcasting
    43 | D        | Reached skill level 5 in Throwing
    43 | D        | Reached skill level 5 in Unarmed Combat
    44 | D        | Noticed a meat berserker
    44 | D        | Killed a meat berserker
    44 | D        | Reached XP level 21. HP: 204/204 MP: 23/52
    44 | D        | Killed a large bag of meat
    50 | D        | Noticed an accursed
    51 | D        | Noticed a tyrant
    51 | D        | Reached XP level 22. HP: 212/212 MP: 24/53
    55 | D        | Noticed a destroyer
    55 | D        | Noticed an accursed
    55 | D        | Reached skill level 27 in Throwing
    55 | D        | Reached skill level 27 in Unarmed Combat
    57 | D        | Noticed a destroyer
    57 | D        | Noticed an accursed
    57 | D        | Gained mutation: A meltable icy envelope protects you from harm. (AC +0) [demonic ancestry]
    57 | D        | Reached XP level 23. HP: 196/219 MP: 26/54
    58 | D        | Killed a destroyer
    63 | D        | Noticed a destroyer
    63 | D        | Gained mutation: You are completely covered in sharp spines. [demonic ancestry]
    63 | D        | Reached XP level 24. HP: 93/227 MP: 27/54
    63 | D        | Demolished by The Servant

Skill      XL: |  1  2  3  4  5  6  7  8  9 10 11 12 13 14 15 16 17 18 19 20 21 22 |
---------------+-------------------------------------------------------------------+-----
Axes           | 24 27 | 27.0
Fighting       | 4 12 15 20 26 27 | 27.0
Dodging        | 3 11 14 18 24 27 | 27.0
Armour         | 6 19 27 | 27.0
Invocations    | 8 26 27 | 27.0
Stealth        | 9 23 27 | 27.0
Spellcasting   | 9 21 27 | 27.0
Throwing       | 14 24 27 | 27.0
Unarmed Combat | 14 24 27 | 27.0
Translocations | |  2.6

Action                   |  1- 3 |  4- 6 |  7- 9 | 10-12 | 13-15 | 16-18 | 19-21 | 22-24 || total
-------------------------+-------+-------+-------+-------+-------+-------+-------+-------++-------
Melee: Executioner's axe |     1 |       |       |       |     3 |     2 |     4 |     6 ||    16
Dodge: Dodged            |       |       |       |       |       |       |     1 |     1 ||     2
